 Dungeon Crawl Stone Soup version 0.29.0-4-gdea44cf6ec (webtiles) character file.

Game seed: 8335150888114787189

5887 qw the Severer (level 10, -1/88 HPs)
             Began as a Minotaur Berserker on Sept 5, 2022.
             Was an Elder of Trog.
             Slain by a meliai
             ... wielding a +0 war axe
              (12 damage)
             ... on level 9 of the Dungeon.
             The game lasted 00:03:20 (10040 turns).

qw the Severer (Minotaur Berserker)                Turns: 10040, Time: 00:03:20

Health: -1/88      AC: 20    Str: 27    XL:     10   Next: 52%
Magic:  9/9        EV:  7    Int:  4    God:    Trog [****..]
Gold:   102        SH:  9    Dex:  9    Spells: 9/9 levels left

rFire   + + .      SeeInvis .   Y - +1 war axe
rCold   . . .      Faith    .   m - +0 kite shield
rNeg    . . .      Spirit   .   l - +3 chain mail {rF+}
rPois   +          Reflect  .   (helmet restricted)
rElec   .          Harm     .   d - +0 cloak of the Thistle {rF+}
rCorr   .          Rampage  .   (no gloves)
Will    .....                   n - +1 pair of boots
Stlth   ..........              (no amulet)
HPRegen 0.24/turn               c - ring of poison resistance
MPRegen 0.11/turn               o - +4 ring of protection

@: about to teleport, on berserk cooldown, slowed, very slow
A: horns 2, retaliatory headbutt, mutation resistance 1
a: Renounce Religion, Berserk, Trog's Hand, Brothers in Arms


You were on level 9 of the Dungeon.
You worshipped Trog.
Trog was greatly pleased with you.
You visited 1 branch of the dungeon, and saw 9 of its levels.

You collected 350 gold pieces.
You spent 248 gold pieces at shops.


Innate Abilities, Weirdness & Mutations

You have a pair of horns on your head.
You reflexively headbutt those who attack you in melee.
You are somewhat resistant to further mutation.


   Skills:
 - Level 8.0 Fighting
 - Level 15.2 Axes
 - Level 6.1 Armour
 - Level 2.1 Dodging
 + Level 6.9 Shields


You had 9 spell levels left.
You didn't know any spells.
Your spell library was empty.

Inventory:

Hand Weapons
 f - a +0 flail
 Y - a +1 war axe (weapon)
Armour
 d - the +0 cloak of the Thistle (worn) {rF+}
   (You acquired it on level 6 of the Dungeon)

   rF:        It protects you from fire.
 l - a +3 chain mail of fire resistance (worn)
 m - a +0 kite shield (worn)
 n - a +1 pair of boots (worn)
Jewellery
 c - a ring of poison resistance (left hand)
 o - a +4 ring of protection (right hand)
Scrolls
 a - a scroll of teleportation
 b - 6 scrolls of identify
Potions
 e - a potion of curing
 g - 2 potions of haste
 h - a potion of might
 i - 2 potions of cancellation
 k - a potion of mutation

Dungeon Overview and Level Annotations

Branches:
Dungeon (9/15)             Temple (0/1) D:6
   Lair: D:8-11         Orc: D:9-12

Altars:
Dithmenos
Elyvilon
Fedhas
Kikubaaqudgha
Makhleb
Nemelex Xobeh
Qazlal
Ru
Sif Muna
Uskayaw
Wu Jian
The Shining One

Shops:
D:2 =[*   D:7 =   D:8 ??:


Message History

The freezing wraith barely misses you.
The freezing wraith hits you but does no damage. x2
You hit the freezing wraith but do no damage.
You headbutt the freezing wraith, but do no damage.
The freezing wraith is heavily damaged.
You block the freezing wraith's attack. The freezing wraith barely misses you.
You completely miss the freezing wraith.
Your headbutt misses the freezing wraith.
The freezing wraith is heavily damaged.
You block the freezing wraith's attack.
The freezing wraith hits you but does no damage.
You barely miss the freezing wraith.
The freezing wraith is heavily damaged.
The freezing wraith hits you but does no damage.
You block the freezing wraith's attack. The freezing wraith hits you.
The freezing wraith freezes you!
The freezing wraith hits you but does no damage.
10033 ||| READING 3 scrolls of teleportation.
As you read the scroll of teleportation, it crumbles to dust.
You feel strangely unstable. You block the freezing wraith's attack.
The freezing wraith hits you. The freezing wraith drains your vigour!
You feel as though you will be slow longer.
You closely miss the freezing wraith.
The freezing wraith is heavily damaged.
You block the freezing wraith's attack. x2
The freezing wraith hits you but does no damage.
The freezing wraith hits you.
You slash the freezing wraith!
The freezing wraith is heavily damaged.
Your surroundings suddenly seem different.
You start resting.
A meliai is nearby!
10040 ||| READING 2 scrolls of teleportation.
As you read the scroll of teleportation, it crumbles to dust.
You feel strangely unstable. The meliai hits you with a +0 war axe.
The meliai stings you but does no damage.
The meliai hits you with a +0 war axe!
You die...

#.####..PP...#...#######
#. #..PP...#.......... #
#..PP..............
.#.......>..........
....................
....................#
.................[..#
.........###...#####
......y@.#.#...#
.....###+#.+...#
...............# .
##.####....# #....#
#....##+# #.).......
..8.yDW)........
....Zy#..........


You could see a meliai.

Vanquished Creatures
  A catoblepas (D:9)
  A two-headed ogre (D:8)
  A manticore (D:9)
  Maurice (D:8)
  Psyche (D:8)
  An efreet (D:9)
  A slime creature (D:9)
  Sigmund (D:2)
  A shadow (D:5)
  A steam dragon (D:6)
  A wyvern (D:8)
  A water moccasin (D:7)
  2 ice beasts
  A sky beast (D:7)
  An ogre (D:7)
  A black bear (D:4)
  A centaur (D:7)
  Blork the orc (D:5)
  4 kobold brigands
  A bullfrog (D:6)
  A necrophage (D:5)
  2 gnoll sergeants
  6 scorpions
  3 killer bees (D:6)
  2 howler monkeys (D:6)
  9 orc priests
  3 hounds
  2 jellies
  Natasha (D:2)
  An iguana (D:6)
  9 orc wizards
  Robin (D:2)
  10 gnolls
  5 adders
  3 shadow imps
  An ufetubus (D:5)
  A worm (D:5)
  2 dart slugs (D:2)
  41 orcs
  6 ball pythons
  6 bats
  18 endoplasms
  7 hobgoblins
  30 kobolds
  3 quokkas
  8 frilled lizards
  15 goblins
  8 rats
228 creatures vanquished.

Vanquished Creatures (others)
  2 bushes (D:7)
  A fungus (D:3)
  7 plants (D:4)
  7 toadstools (D:3)
17 creatures vanquished.

Grand Total: 245 creatures vanquished

Notes
Turn   | Place    | Note
-------+----------+-------------------------------------------
     0 | D:1      | qw the Minotaur Berserker began the quest for the Orb.
     0 | D:1      | Reached XP level 1. HP: 19/19 MP: 0/0
     0 | D:1      | 0 ||| qw: Version: 0.1-a-104-g96f76f8
     0 | D:1      | 0 ||| qw: Game counter: 5838
     0 | D:1      | 0 ||| qw: Always use a shield: true
     0 | D:1      | 0 ||| qw: Do Orc after D:15 true
     0 | D:1      | 0 ||| qw: Do second Lair branch before Depths: true
     0 | D:1      | 0 ||| qw: Lair rune preference: random
     0 | D:1      | 0 ||| qw: Plans: Normal
     0 | D:1      | 0 ||| PLANNING D:1-11
   115 | D:1      | Reached skill level 4 in Axes
   481 | D:1      | Reached XP level 2. HP: 26/26 MP: 1/1
   497 | D:1      | 497 ||| Stepping ~*~*~tactically~*~*~ (stealth).
   660 | D:1      | 660 ||| DROPPING +0 club.
   816 | D:1      | Found a faded altar of an unknown god.
  1004 | D:1      | 1004 ||| SWAPPING to +0 war axe.
  1005 | D:1      | 1005 ||| DROPPING +0 hand axe.
  1006 | D:1      | 1006 ||| UPGRADING to +0 scale mail.
  1016 | D:1      | 1016 ||| DROPPING +0 animal skin.
  1017 | D:1      | 1017 ||| READING scroll labelled ACKAUDO PUNAX.
  1018 | D:1      | 1018 ||| READING scroll labelled VANWOXZ NAIK.
  1036 | D:2      | Found Vaexzey's Jewellery Boutique.
  1042 | D:2      | 1042 ||| SHOPLISTING +4 ring of protection (396 gold, have
                  | 33).
  1042 | D:2      | 1042 ||| SHOPLISTING +4 ring of slaying (858 gold, have
                  | 33).
  1042 | D:2      | 1042 ||| SHOPLISTING +6 ring of strength (396 gold, have
                  | 33).
  1042 | D:2      | 1042 ||| SHOPLISTING ring of protection from cold (275
                  | gold, have 33).
  1042 | D:2      | 1042 ||| SHOPLISTING ring of resist corrosion (220 gold,
                  | have 33).
  1042 | D:2      | 1042 ||| SHOPLISTING ring of see invisible (165 gold, have
                  | 33).
  1049 | D:2      | 1049 ||| Stepping ~*~*~tactically~*~*~ (stealth).
  1052 | D:2      | 1052 ||| Stepping ~*~*~tactically~*~*~ (stealth).
  1058 | D:2      | Reached skill level 5 in Axes
  1058 | D:2      | Reached XP level 3. HP: 29/31 MP: 2/2
  1091 | D:2      | 1091 ||| Stepping ~*~*~tactically~*~*~ (stealth).
  1092 | D:2      | 1092 ||| Stepping ~*~*~tactically~*~*~ (stealth).
  1096 | D:2      | 1096 ||| Stepping ~*~*~tactically~*~*~ (stealth).
  1098 | D:2      | 1098 ||| Stepping ~*~*~tactically~*~*~ (stealth).
  1108 | D:2      | 1108 ||| FLEEEEING.
  1109 | D:2      | 1109 ||| FLEEEEING.
  1110 | D:2      | 1110 ||| FLEEEEING.
  1112 | D:2      | Found a shadowy altar of Dithmenos.
  1113 | D:2      | 1113 ||| Stepping ~*~*~tactically~*~*~ (hiding).
  1196 | D:2      | Reached ** piety under Trog
  1254 | D:2      | 1254 ||| Stepping ~*~*~tactically~*~*~ (hiding).
  1255 | D:2      | 1255 ||| Stepping ~*~*~tactically~*~*~ (hiding).
  1286 | D:2      | 1286 ||| Stepping ~*~*~tactically~*~*~ (stealth).
  1287 | D:2      | 1287 ||| Stepping ~*~*~tactically~*~*~ (stealth).
  1288 | D:2      | 1288 ||| Stepping ~*~*~tactically~*~*~ (stealth).
  1307 | D:2      | 1307 ||| Stepping ~*~*~tactically~*~*~ (stealth).
  1330 | D:2      | Found Lesur's Antique Armour Emporium.
  1339 | D:2      | 1339 ||| SHOPLISTING +4 moon troll leather armour {Spirit,
                  | Regen++ MP+5} (1362 gold, have 53).
  1339 | D:2      | 1339 ||| SHOPLISTING chain mail (112 gold, have 53).
  1339 | D:2      | 1339 ||| SHOPLISTING kite shield (112 gold, have 53).
  1446 | D:2      | Noticed Sigmund
  1447 | D:2      | 1447 ||| Stepping ~*~*~tactically~*~*~ (hiding).
  1448 | D:2      | 1448 ||| Stepping ~*~*~tactically~*~*~ (hiding).
  1449 | D:2      | 1449 ||| Stepping ~*~*~tactically~*~*~ (hiding).
  1450 | D:2      | 1450 ||| Stepping ~*~*~tactically~*~*~ (hiding).
  1469 | D:2      | 1469 ||| INVOKING Berserk.
  1471 | D:2      | Killed Sigmund
  1472 | D:2      | Reached skill level 7 in Axes
  1472 | D:2      | Reached XP level 4. HP: 25/39 MP: 3/3
  1472 | D:2      | Reached XP level 5. HP: 29/45 MP: 4/4
  1496 | D:2      | Noticed Natasha
  1497 | D:2      | 1497 ||| Stepping ~*~*~tactically~*~*~ (stealth).
  1692 | D:2      | Found Hugaus's Assorted Antiques.
  1700 | D:2      | 1700 ||| SHOPLISTING embroidered scarf (240 gold, have 53).
  1700 | D:2      | 1700 ||| BUYING fizzy emerald potion (27 gold).
  1700 | D:2      | Bought a fizzy emerald potion for 27 gold pieces
  1700 | D:2      | 1700 ||| SHOPLISTING heavily runed scale mail (270 gold,
                  | have 26).
  1700 | D:2      | 1700 ||| SHOPLISTING scroll labelled HIASUAQAYM (30 gold,
                  | have 26).
  1794 | D:2      | 1794 ||| Stepping ~*~*~tactically~*~*~ (stealth).
  1812 | D:2      | Noticed Robin
  1813 | D:2      | 1813 ||| Stepping ~*~*~tactically~*~*~ (stealth).
  1814 | D:2      | 1814 ||| Stepping ~*~*~tactically~*~*~ (stealth).
  1815 | D:2      | 1815 ||| Stepping ~*~*~tactically~*~*~ (stealth).
  1820 | D:2      | 1820 ||| INVOKING Berserk.
  1822 | D:2      | Killed Robin
  1981 | D:2      | 1981 ||| INVOKING Berserk.
  1982 | D:2      | Killed Natasha
  2160 | D:2      | 2160 ||| READING scroll labelled LUYS ECUAXTEA.
  2161 | D:2      | 2161 ||| READING scroll labelled DUOG ZOASEFUTISS.
  2162 | D:2      | 2162 ||| READING scroll labelled TEAFEWKUNK.
  2163 | D:2      | 2163 ||| READING scroll labelled NAGIKL XOFEOWK.
  2166 | D:2      | 2166 ||| DRINKING 2 inky potions.
  2167 | D:2      | 2167 ||| DRINKING 2 smoky emerald potions.
  2271 | D:2      | 2271 ||| READING 2 scrolls of identify.
  2271 | D:2      | 2271 ||| IDENTIFYING fuming coppery potion
  2272 | D:2      | 2272 ||| DROPPING potion of flight.
  2273 | D:2      | 2273 ||| DROPPING potion of berserk rage.
  2368 | D:3      | Reached XP level 6. HP: 52/52 MP: 5/5
  2373 | D:3      | Reached skill level 8 in Axes
  2385 | D:3      | Found a glowing golden altar of the Shining One.
  2401 | D:3      | Found a blossoming altar of Fedhas.
  2431 | D:3      | Found a stormy altar of Qazlal.
  2455 | D:3      | Found an ancient bone altar of Kikubaaqudgha.
  2536 | D:3      | 2536 ||| INVOKING Berserk.
  2680 | D:3      | 2680 ||| Stepping ~*~*~tactically~*~*~ (stealth).
  2685 | D:3      | Reached *** piety under Trog
  2796 | D:3      | 2796 ||| DROPPING +0 whip.
  3168 | D:3      | 3168 ||| READING scroll labelled POBRIO UNTIPH.
  3323 | D:4      | 3323 ||| INVOKING Berserk.
  3326 | D:4      | Reached skill level 9 in Axes
  3512 | D:4      | 3512 ||| Stepping ~*~*~tactically~*~*~ (stealth).
  3636 | D:4      | 3636 ||| Stepping ~*~*~tactically~*~*~ (stealth).
  3641 | D:4      | 3641 ||| INVOKING Berserk.
  3644 | D:4      | Reached XP level 7. HP: 57/60 MP: 6/6
  3841 | D:4      | 3841 ||| Stepping ~*~*~tactically~*~*~ (stealth).
  3845 | D:4      | 3845 ||| Stepping ~*~*~tactically~*~*~ (stealth).
  3846 | D:4      | 3846 ||| Stepping ~*~*~tactically~*~*~ (stealth).
  4071 | D:4      | Reached skill level 10 in Axes
  4076 | D:4      | 4076 ||| Stepping ~*~*~tactically~*~*~ (stealth).
  4549 | D:4      | 4549 ||| UPGRADING to +0 chain mail.
  4559 | D:4      | 4559 ||| DROPPING +0 scale mail.
  4560 | D:4      | 4560 ||| UPGRADING to +3 chain mail of fire resistance.
  4570 | D:4      | 4570 ||| DROPPING +0 chain mail.
  4571 | D:4      | 4571 ||| DRINKING 2 brown potions.
  4572 | D:4      | 4572 ||| DRINKING 2 emerald potions.
  4573 | D:4      | 4573 ||| DRINKING 2 lumpy brown potions.
  4573 | D:4      | Gained mutation: You are somewhat resistant to further
                  | mutation. [potion of mutation]
  4574 | D:4      | 4574 ||| DROPPING potion of attraction.
  4677 | D:5      | Entered Level 5 of the Dungeon
  4683 | D:5      | 4683 ||| STAIRDANCE
  4781 | D:5      | 4781 ||| Stepping ~*~*~tactically~*~*~ (stealth).
  4790 | D:5      | 4790 ||| Stepping ~*~*~tactically~*~*~ (stealth).
  4794 | D:5      | 4794 ||| INVOKING Berserk.
  4797 | D:5      | Reached skill level 3 in Armour
  4818 | D:5      | 4818 ||| Stepping ~*~*~tactically~*~*~ (stealth).
  4829 | D:5      | 4829 ||| FLEEEEING.
  4942 | D:5      | Found a shimmering blue altar of Sif Muna.
  4942 | D:5      | Found an ornate altar of the Wu Jian Council.
  4993 | D:5      | Noticed a shadow
  4999 | D:5      | Killed a shadow
  5000 | D:5      | Reached skill level 6 in Fighting
  5000 | D:5      | Reached XP level 8. HP: 64/71 MP: 7/7
  5080 | D:5      | Noticed Blork the orc
  5083 | D:5      | 5083 ||| INVOKING Berserk.
  5087 | D:5      | Killed Blork the orc
  5215 | D:5      | 5215 ||| Stepping ~*~*~tactically~*~*~ (stealth).
  5249 | D:5      | 5249 ||| Stepping ~*~*~tactically~*~*~ (stealth).
  5293 | D:5      | 5293 ||| Stepping ~*~*~tactically~*~*~ (stealth).
  5313 | D:5      | 5313 ||| Stepping ~*~*~tactically~*~*~ (stealth).
  5316 | D:5      | 5316 ||| DRINKING 2 potions of curing.
  5316 | D:5      | 5316 ||| (to cure confusion)
  5317 | D:5      | 5317 ||| INVOKING Berserk.
  5490 | D:5      | Found a burning altar of Makhleb.
  5585 | D:5      | 5585 ||| Stepping ~*~*~tactically~*~*~ (stealth).
  5597 | D:5      | 5597 ||| INVOKING Berserk.
  5719 | D:5      | 5719 ||| READING scroll labelled PUGGANI ZI OLL.
  5788 | D:6      | Reached skill level 11 in Axes
  5913 | D:6      | Reached **** piety under Trog
  5924 | D:6      | 5924 ||| FLEEEEING.
  5925 | D:6      | 5925 ||| FLEEEEING.
  5926 | D:6      | 5926 ||| FLEEEEING.
  5927 | D:6      | 5927 ||| FLEEEEING.
  5928 | D:6      | 5928 ||| FLEEEEING.
  5929 | D:6      | 5929 ||| FLEEEEING.
  5930 | D:6      | 5930 ||| FLEEEEING.
  5931 | D:6      | 5931 ||| FLEEEEING.
  5932 | D:6      | 5932 ||| FLEEEEING.
  5933 | D:6      | 5933 ||| FLEEEEING.
  5934 | D:6      | 5934 ||| FLEEEEING.
  5935 | D:6      | 5935 ||| FLEEEEING.
  5936 | D:6      | 5936 ||| FLEEEEING.
  5937 | D:6      | 5937 ||| FLEEEEING.
  5938 | D:6      | 5938 ||| FLEEEEING.
  5939 | D:6      | 5939 ||| FLEEEEING.
  5945 | D:6      | 5945 ||| STAIRDANCE
  5982 | D:5      | 5982 ||| READING 3 scrolls of identify.
  5982 | D:5      | 5982 ||| IDENTIFYING yellow potion
  5983 | D:5      | 5983 ||| READING 2 scrolls of identify.
  5983 | D:5      | 5983 ||| IDENTIFYING white potion
  5984 | D:5      | 5984 ||| DROPPING potion of ambrosia.
  5987 | D:6      | 5987 ||| STAIRDANCE
  6036 | D:6      | 6036 ||| INVOKING Berserk.
  6042 | D:6      | 6042 ||| FLEEEEING.
  6045 | D:6      | 6045 ||| STAIRDANCE
  6158 | D:6      | 6158 ||| Stepping ~*~*~tactically~*~*~ (stealth).
  6160 | D:6      | 6160 ||| Stepping ~*~*~tactically~*~*~ (hiding).
  6164 | D:6      | 6164 ||| INVOKING Berserk.
  6460 | D:6      | 6460 ||| Stepping ~*~*~tactically~*~*~ (hiding).
  6464 | D:6      | 6464 ||| INVOKING Berserk.
  6469 | D:6      | Reached skill level 12 in Axes
  6661 | D:6      | 6661 ||| INVOKING Berserk.
  6915 | D:6      | 6915 ||| Stepping ~*~*~tactically~*~*~ (stealth).
  6947 | D:6      | 6947 ||| Stepping ~*~*~tactically~*~*~ (stealth).
  6949 | D:6      | 6949 ||| Stepping ~*~*~tactically~*~*~ (stealth).
  6950 | D:6      | 6950 ||| Stepping ~*~*~tactically~*~*~ (stealth).
  6977 | D:6      | 6977 ||| Stepping ~*~*~tactically~*~*~ (stealth).
  7092 | D:6      | Reached XP level 9. HP: 29/79 MP: 8/8
  7092 | D:6      | 7092 ||| INVOKING Berserk.
  7094 | D:6      | HP: 27/118 [poisoned by a killer bee]
  7099 | D:6      | HP: 13/79 [poisoned by a killer bee]
  7103 | D:6      | HP: 6/79 [poisoned by a killer bee]
  7416 | D:6      | 7416 ||| Stepping ~*~*~tactically~*~*~ (stealth).
  7417 | D:6      | 7417 ||| Stepping ~*~*~tactically~*~*~ (stealth).
  7421 | D:6      | 7421 ||| Stepping ~*~*~tactically~*~*~ (stealth).
  7426 | D:6      | 7426 ||| Stepping ~*~*~tactically~*~*~ (stealth).
  7427 | D:6      | 7427 ||| Stepping ~*~*~tactically~*~*~ (stealth).
  7466 | D:6      | Found a staircase to the Ecumenical Temple.
  7497 | D:6      | 7497 ||| UPGRADING to ring of poison resistance.
  7498 | D:6      | 7498 ||| READING scroll labelled PUTUOS ACZINO.
  7498 | D:6      | Identified a scroll of acquirement
  7498 | D:6      | 7498 ||| ACQUIRING +0 cloak of the Thistle {rF+}
  7498 | D:6      | Acquired the +0 cloak of the Thistle {rF+}
  7500 | D:6      | 7500 ||| UPGRADING to +0 cloak of the Thistle {rF+}.
  7604 | D:7      | Reached skill level 13 in Axes
  7619 | D:7      | Found Dikk's Jewellery Emporium.
  7628 | D:7      | 7628 ||| SHOPLISTING +4 ring of protection (396 gold, have
                  | 218).
  7628 | D:7      | 7628 ||| SHOPLISTING +6 ring of dexterity (396 gold, have
                  | 218).
  7628 | D:7      | 7628 ||| SHOPLISTING amulet of guardian spirit (330 gold,
                  | have 218).
  7628 | D:7      | 7628 ||| SHOPLISTING amulet of regeneration (330 gold, have
                  | 218).
  7628 | D:7      | 7628 ||| SHOPLISTING ring of Kuclefed {rElec EV+4 Str+2}
                  | (596 gold, have 218).
  7628 | D:7      | 7628 ||| SHOPLISTING ring of poison resistance (220 gold,
                  | have 218).
  7628 | D:7      | 7628 ||| SHOPLISTING ring of protection from fire (275
                  | gold, have 218).
  7628 | D:7      | 7628 ||| SHOPLISTING ring of resist corrosion (220 gold,
                  | have 218).
  7669 | D:7      | 7669 ||| Stepping ~*~*~tactically~*~*~ (hiding).
  7670 | D:7      | 7670 ||| Stepping ~*~*~tactically~*~*~ (hiding).
  7671 | D:7      | 7671 ||| Stepping ~*~*~tactically~*~*~ (hiding).
  7672 | D:7      | 7672 ||| Stepping ~*~*~tactically~*~*~ (hiding).
  7791 | D:7      | 7791 ||| Stepping ~*~*~tactically~*~*~ (hiding).
  7794 | D:7      | 7794 ||| Stepping ~*~*~tactically~*~*~ (stealth).
  7796 | D:7      | 7796 ||| Stepping ~*~*~tactically~*~*~ (hiding).
  7798 | D:7      | 7798 ||| INVOKING Berserk.
  7809 | D:7      | 7809 ||| Stepping ~*~*~tactically~*~*~ (stealth).
  7901 | D:7      | 7901 ||| INVOKING Berserk.
  8016 | D:7      | Identified the +0 barding of Muvafu {Harm rCorr Dex+2
                  | Stlth-}
  8020 | D:7      | Found a sacrificial altar of Ru.
  8060 | D:7      | Found a hide-covered altar of Uskayaw.
  8203 | D:7      | Found a white marble altar of Elyvilon.
  8495 | D:7      | 8495 ||| UPGRADING to +0 pair of boots.
  8500 | D:7      | 8500 ||| UPGRADING to +4 ring of protection.
  8501 | D:7      | 8501 ||| READING scroll labelled FIPTIE JIPRU.
  8502 | D:7      | 8502 ||| READING 3 scrolls of identify.
  8502 | D:7      | 8502 ||| IDENTIFYING fuming clear potion
  8503 | D:7      | 8503 ||| READING 2 scrolls of identify.
  8503 | D:7      | 8503 ||| IDENTIFYING fizzy emerald potion
  8504 | D:7      | 8504 ||| DROPPING potion of magic.
  8505 | D:7      | 8505 ||| DROPPING potion of lignification.
  8520 | D:8      | Found Viupagg's Magic Scroll Shoppe.
  8523 | D:8      | 8523 ||| SHOPLISTING 3 scrolls of enchant armour (292 gold,
                  | have 226).
  8523 | D:8      | 8523 ||| BUYING scroll of identify (26 gold).
  8523 | D:8      | Bought a scroll of identify for 26 gold pieces
  8523 | D:8      | 8523 ||| BUYING scroll of identify (26 gold).
  8523 | D:8      | Bought a scroll of identify for 26 gold pieces
  8523 | D:8      | 8523 ||| BUYING scroll of identify (26 gold).
  8523 | D:8      | Bought a scroll of identify for 26 gold pieces
  8523 | D:8      | 8523 ||| BUYING scroll of teleportation (39 gold).
  8523 | D:8      | Bought a scroll of teleportation for 39 gold pieces
  8530 | D:8      | 8530 ||| Stepping ~*~*~tactically~*~*~ (stealth).
  8540 | D:8      | 8540 ||| FLEEEEING.
  8541 | D:8      | 8541 ||| FLEEEEING.
  8542 | D:8      | 8542 ||| FLEEEEING.
  8543 | D:8      | 8543 ||| FLEEEEING.
  8544 | D:8      | 8544 ||| FLEEEEING.
  8547 | D:8      | 8547 ||| FLEEEEING.
  8548 | D:8      | 8548 ||| STAIRDANCE
  8694 | D:8      | 8694 ||| STAIRDANCE
  8709 | D:8      | Noticed Psyche
  8712 | D:8      | 8712 ||| INVOKING Berserk.
  8717 | D:8      | Killed Psyche
  8718 | D:8      | Reached skill level 14 in Axes
  9083 | D:8      | Found Wuhuop's Magic Scroll Shoppe.
  9086 | D:8      | 9086 ||| Stepping ~*~*~tactically~*~*~ (stealth).
  9088 | D:8      | 9088 ||| Stepping ~*~*~tactically~*~*~ (hiding).
  9094 | D:8      | Reached skill level 6 in Armour
  9095 | D:8      | 9095 ||| INVOKING Berserk.
  9108 | D:8      | 9108 ||| DRINKING 2 potions of curing.
  9108 | D:8      | 9108 ||| (to cure confusion)
  9241 | D:8      | 9241 ||| BUYING scroll of enchant armour (82 gold).
  9241 | D:8      | Bought a scroll of enchant armour for 82 gold pieces
  9241 | D:8      | 9241 ||| SHOPLISTING scroll of enchant weapon (82 gold,
                  | have 45).
  9241 | D:8      | 9241 ||| BUYING scroll of identify (22 gold).
  9241 | D:8      | Bought a scroll of identify for 22 gold pieces
  9241 | D:8      | 9241 ||| READING scroll of enchant armour.
  9241 | D:8      | 9241 ||| ENCHANTING +0 pair of boots.
  9265 | D:8      | Found Hiets's Book Emporium.
  9321 | D:8      | Found a sparkling altar of Nemelex Xobeh.
  9327 | D:8      | Noticed a two-headed ogre
  9329 | D:8      | Noticed Maurice
  9330 | D:8      | 9330 ||| Stepping ~*~*~tactically~*~*~ (stealth).
  9333 | D:8      | 9333 ||| INVOKING Berserk.
  9340 | D:8      | Killed a two-headed ogre
  9341 | D:8      | Reached XP level 10. HP: 88/88 MP: 9/9
  9368 | D:8      | 9368 ||| Stepping ~*~*~tactically~*~*~ (stealth).
  9373 | D:8      | 9373 ||| Stepping ~*~*~tactically~*~*~ (stealth).
  9382 | D:8      | 9382 ||| Stepping ~*~*~tactically~*~*~ (stealth).
  9392 | D:8      | 9392 ||| Stepping ~*~*~tactically~*~*~ (stealth).
  9405 | D:8      | Killed Maurice
  9406 | D:8      | Reached skill level 15 in Axes
  9567 | D:8      | Identified the +4 leather armour of Odecvo {rElec Str-3
                  | Int+2}
  9789 | D:8      | 9789 ||| UPGRADING to +0 kite shield.
  9794 | D:8      | 9794 ||| READING scroll labelled LITILO ROARIW.
  9845 | D:9      | 9845 ||| FLEEEEING.
  9846 | D:9      | 9846 ||| FLEEEEING.
  9847 | D:9      | 9847 ||| FLEEEEING.
  9848 | D:9      | 9848 ||| STAIRDANCE
  9946 | D:9      | 9946 ||| STAIRDANCE
  9955 | D:8      | Reached skill level 1 in Shields
 10001 | D:9      | Noticed a fire dragon
 10001 | D:9      | Noticed a boulder beetle
 10001 | D:9      | Noticed a catoblepas
 10003 | D:9      | 10003 ||| Stepping ~*~*~tactically~*~*~ (cloud).
 10006 | D:9      | Noticed a manticore
 10006 | D:9      | Noticed a cyan ugly thing
 10006 | D:9      | Noticed a tengu warrior
 10007 | D:9      | 10007 ||| INVOKING Berserk.
 10016 | D:9      | Reached skill level 3 in Shields
 10022 | D:9      | Killed a catoblepas
 10025 | D:9      | Killed a manticore
 10026 | D:9      | Reached skill level 6 in Shields
 10032 | D:9      | HP: 18/88 [freezing wraith (11)]
 10033 | D:9      | 10033 ||| READING 3 scrolls of teleportation.
 10040 | D:9      | 10040 ||| READING 2 scrolls of teleportation.
 10040 | D:9      | HP: 11/88 [meliai/+0 war axe (1)]
 10040 | D:9      | Slain by a meliai

Levels and vault maps discovered:
D:1:      heliophobic_arrival_ceremonial_halls, layout_loops_ring,
          dreamdust_ecumenical_altar_angels_and_demons,
          minmay_misc_feat_four_crosses
D:2:      layout_rooms, basic_altar, serial_shops, nicolae_shop_stone, shop,
          nicolae_shop_hallway_plus, serial_aquarium, aquarium_bridge_square
          [aquarium_subvault_bridge, aquarium_subvault_wall,
          aquarium_subvault_wall, aquarium_subvault_window],
          aquarium_window_fake, aquarium_window_corner, aquarium_window_fake,
          aquarium_window_fake, aquarium_view_2g, minmay_domino_2, uniq_robin,
          uniq_sigmund, uniq_natasha
D:3:      cheibrodos_fertilizer, layout_loops_ring, lemuel_crystal_altar,
          mainiacjoe_overflow_concentric_impassable,
          mainiacjoe_overflow_catch_the_wave
D:4:      layout_loops_ring, lexackson_kobold_supper
D:5:      layout_rooms, lemuel_doored_altar, gammafunk_temple_overflow_elements,
          uniq_blork_the_orc
D:6:      layout_cave_pods, temple_hall, hangedman_decor_slide_cut,
          kennysheep_small_circle
D:7:      layout_rooms, mainiacjoe_overflow_alcove_4,
          nicolae_elyvilon_temple_path, mainiacjoe_overflow_brackets,
          serial_rivers, chequers_serial_rivers_micro_a,
          chequers_serial_rivers_micro_b, chequers_serial_rivers_micro_b,
          chequers_serial_rivers_micro_e, serial_shops, shop
D:8:      layout_layer_cave, old_standard_altar, serial_shops, shop,
          nicolae_stop_n_shop_1, nicolae_stop_n_shop_2, uniq_psyche,
          uniq_maurice
D:9:      layout_irregular_city, lemuel_crystal_altar,
          mainiacjoe_overflow_small_starburst, mainiacjoe_overflow_chevrons,
          minivault_28, uniq_maggie

Skill      XL: |  1  2  3  4  5  6  7  8  9 10 |
---------------+-------------------------------+-----
Axes           | 4 5 7 9 10 12 14 15 | 15.2
Fighting       | 4 6 7 8 |  8.0
Armour         | 3 4 6 |  6.1
Shields        | 6 |  6.9
Dodging        | |  2.1

Action                   |  1- 3 |  4- 6 |  7- 9 | 10-12 || total
-------------------------+-------+-------+-------+-------++-------
Melee: Hand axe          |    38 |       |       |       ||    38
       War axe           |    41 |    90 |   240 |    47 ||   418
       Headbutt          |     7 |    16 |    32 |    15 ||    70
       Punch             |       |     2 |     3 |       ||     5
Invok: Berserk           |     1 |     5 |    14 |     1 ||    21
  Use: Scroll            |     2 |     6 |     8 |     3 ||    19
       Potion            |       |     2 |     5 |       ||     7
 Stab: Petrified         |       |       |       |     7 ||     7
Armor: Animal skin       |     4 |       |       |       ||     4
       Scale mail        |    10 |    37 |     4 |       ||    51
       Chain mail        |       |       |   104 |    28 ||   132
Dodge: Dodged            |    38 |    35 |    94 |    10 ||   177
Block: Kite shield       |       |       |       |    13 ||    13

Table legend:
 A = Non-vault XP
 B = Vault XP
 C = Vault XP percentage of total XP
 D = Non-vault monster count
 E = Vault monster count
 F = Vault count percentage of total count
                 A         B        C        D         E       F
            +---------+---------+-------+---------+---------+-------
      Total |    5048 |    3362 |  40.0 |     181 |      47 |  20.6
            +---------+---------+-------+---------+---------+-------
        D:1 |      28 |       0 |   0.0 |      19 |       0 |   0.0
        D:2 |      48 |     298 |  86.1 |      20 |      15 |  42.9
        D:3 |      61 |      67 |  52.3 |      17 |      15 |  46.9
        D:4 |     479 |      98 |  17.0 |      31 |       8 |  20.5
        D:5 |     567 |      91 |  13.8 |      21 |       1 |   4.5
        D:6 |    1174 |      49 |   4.0 |      18 |       2 |  10.0
        D:7 |    1164 |       0 |   0.0 |      25 |       0 |   0.0
        D:8 |    1419 |     833 |  37.0 |      26 |       2 |   7.1
        D:9 |     108 |    1926 |  94.7 |       4 |       4 |  50.0
            +---------+---------+-------+---------+---------+-------
